 Dungeon Crawl Stone Soup version 0.29.0-15-g675c0067aa (webtiles) character file.

Game seed: 17831021481479520215

10 qw the Sneak (level 2, -2/19 HPs)
             Began as a Gargoyle Delver on Sept 11, 2022.
             Slain by an iguana (4 damage)
             ... on level 4 of the Dungeon.
             The game lasted 00:00:05 (281 turns).

qw the Sneak (Gargoyle Delver)                       Turns: 281, Time: 00:00:05

Health: -2/19      AC: 10    Str: 15    XL:     2   Next: 20%
Magic:  2/2        EV:  6    Int: 10    God:
Gold:   0          SH:  0    Dex: 11    Spells: 1/1 levels left

rFire   . . .      SeeInvis .   a - +0 hand axe
rCold   . . .      Faith    .   (no shield)
rNeg    + . .      Spirit   .   h - +0 chain mail
rPois   inf        Reflect  .   (no helmet)
rElec   +          Harm     .   (no cloak)
rCorr   .          Rampage  .   (no gloves)
Will    .....                   (no boots)
Stlth   ..........              (no amulet)
HPRegen 0.06/turn               (no ring)
MPRegen 0.08/turn               (no ring)

@: no status effects
A: sickness immunity, AC +2, negative energy resistance 1, electricity
resistance, torment resistance 1, petrification resistance
a: no special abilities


You were on level 4 of the Dungeon.
You visited 1 branch of the dungeon, and saw 2 of its levels.


Innate Abilities, Weirdness & Mutations

You are immune to sickness and miasma.
Your stone body is resilient. (AC +2)
You are immune to poison.
You resist negative energy. (rN+)
You are resistant to electric shocks. (rElec)
You are resistant to unholy torment.
You are immune to petrification.


   Skills:
 - Level 3.2 Fighting
 - Level 2.5 Axes
 + Level 0.0 Armour
 - Level 1.5 Dodging
 - Level 5.4 Stealth


You had one spell level left.
You didn't know any spells.
Your spell library was empty.

Inventory:

Hand Weapons
 a - a +0 hand axe (weapon)
Armour
 h - a +0 chain mail (worn)
Wands
 g - a wand of digging (3)
Scrolls
 c - a scroll of enchant weapon {unknown}
Potions
 b - a potion of resistance {unknown}
 f - a potion of haste

Dungeon Overview and Level Annotations

Branches:
Dungeon (5/15)
 Temple: D:4-7

Altars:


Message History

Enter note:
Enter note: The adder barely misses you.
You hit the adder.
The adder is heavily wounded.
The adder bites you.
You hit the adder.
The adder is severely wounded.
The adder bites you but does no damage. x2
You hit the adder.
You kill the adder!
Your Axes skill increases to level 2!
You have reached level 2!
You start resting.
HP restored.
Found 5 stones.
You see here 5 stones.
c - a scroll labelled PUTWUCRAUCU An iguana comes into view.
The iguana hisses angrily.
You see here a +0 whip.
You closely miss the iguana.
The iguana bites you but does no damage.
You hit the iguana but do no damage. The iguana bites you.
You barely miss the iguana. The iguana bites you!
You barely miss the iguana. The iguana bites you.
You hit the iguana but do no damage. The iguana barely misses you.
You closely miss the iguana. The iguana barely misses you.
The iguana bites you but does no damage.
You hit the iguana.
The iguana is moderately wounded.
The iguana bites you.
You completely miss the iguana.
The iguana is moderately wounded.
The iguana bites you.
You die...

#.# #.### #.#
#.# #.####
#.#
#....###.##
+.##.##.#.##
#.##.#.###.#
#.....#.#.##
#.##..##.##
#@##..##.#
#...l....##.#
##.#..##.##.#
#.##.##.##.#
# #.##.##.#
.##.##.# .#
#.# .# #.#


You could see an iguana.

Vanquished Creatures
  An adder (D:4)
  A hobgoblin (D:4)
2 creatures vanquished.

Notes
Turn   | Place    | Note
-------+----------+-------------------------------------------
     0 | D:5      | qw the Gargoyle Delver began the quest for the Orb.
     0 | D:5      | Reached XP level 1. HP: 14/14 MP: 1/1
     0 | D:5      | 0 ||| qw: Version: 0.1-a-117-gfe26ee0
     0 | D:5      | 0 ||| qw: Game counter: 9988
     0 | D:5      | 0 ||| qw: Always use a shield: true
     0 | D:5      | 0 ||| qw: God list: Okawaru
     0 | D:5      | 0 ||| qw: Allow faded altars: false
     0 | D:5      | 0 ||| qw: Do Orc after D:15 true
     0 | D:5      | 0 ||| qw: Do second Lair branch before Depths: true
     0 | D:5      | 0 ||| qw: Lair rune preference: random
     0 | D:5      | 0 ||| qw: Plans: Normal
     0 | D:5      | 0 ||| PLANNING D:1-11
    15 | D:5      | 15 ||| UPGRADING to +0 chain mail.
    25 | D:5      | 25 ||| DROPPING +0 leather armour.
    26 | D:5      | 26 ||| DROPPING scroll of fog.
    27 | D:5      | 27 ||| DROPPING scroll of magic mapping.
    28 | D:5      | 28 ||| DROPPING scroll of fear.
   149 | D:4      | Reached XP level 2. HP: 17/19 MP: 2/2
   280 | D:4      | HP: 2/19 [iguana (4)]
   281 | D:4      | Slain by an iguana

Levels and vault maps discovered:
D:4:      layout_loops_ring, nicolae_gozag_seed_capital,
          nicolae_dithmenos_through_a_glass_darkly, minivault_23,
          kennysheep_small_spiral, minivault_1, uniq_pikel
D:5:      layout_basic, xom_butterflies, mainiacjoe_overflow_swirl, uniq_edmund,
          uniq_eustachio

Skill      XL: |  1 |
---------------+----+-----
Axes           | 2 |  2.5
Fighting       | |  3.2
Dodging        | |  1.5
Stealth        | |  5.4

Action                   || total
-------------------------++-------
Melee: Hand axe          ||    13
Armor: Chain mail        ||     5
Dodge: Dodged            ||     3

Table legend:
 A = Non-vault XP
 B = Vault XP
 C = Vault XP percentage of total XP
 D = Non-vault monster count
 E = Vault monster count
 F = Vault count percentage of total count
                 A         B        C        D         E       F
            +---------+---------+-------+---------+---------+-------
      Total |      15 |       0 |   0.0 |       2 |       0 |   0.0
            +---------+---------+-------+---------+---------+-------
        D:4 |      15 |       0 |   0.0 |       2 |       0 |   0.0
            +---------+---------+-------+---------+---------+-------
